AoeStats
← dragonballt1904

Arabia

504888396Analyzed
2v2 RM · 25d ago on Sep 6, 2026· 31m 4s· 4 players
Game mode
Random Map
Map size
Medium (4 player)
Population
200
Speed
Normal
Resources
Standard
Victory
Conquest
Starting age
Dark Age
Ending age
Imperial Age
RankedLock teamsTeams togetherTeam positionsShared explorationLock speedFull tech treeHidden civsTurbo modeCheats
Victory
Defeat
🇹🇼 Franks · Taiwan
1151
+15
🇲🇽 Bohemians · Mexico
1107
+17
🇺🇸 Mongols · United States
1251
-33
🇺🇸 Vietnamese · United States
1000
-36
DA Fantasmic 11
6:48 Loom
9:48 Feudal Age
10:37 Double-Bit Axe
15:38 Fletching
21:05 Castle Age
22:07 Bodkin Arrow
21:34 Crossbowman
24:02 Padded Archer Armor
26:07 Chemistry
25:02 Town Watch
26:15 Bow Saw
27:31 Ballistics
27:53 Wheelbarrow
31:21 Fervor
31:28 Hand Cart
3A
7:19 Loom
9:52 Feudal Age
13:33 Forging
13:29 Scale Barding Armor
21:17 Castle Age
19:41 Double-Bit Axe
22:19 Chain Barding Armor
22:21 Husbandry
22:26 Gold Mining
25:43 Iron Casting
26:53 Wheelbarrow
30:47 Fletching
Shinkuhadoken
13:30 Feudal Age
12:45 Loom
22:03 Stone Mining
23:50 Double-Bit Axe
24:12 Horse Collar
dragonballt1904
3:11 Loom
10:01 Feudal Age
15:27 Castle Age
16:53 Horse Collar
25:31 Fletching
30:39 Bodkin Arrow
Connection lost

Rejoining the realm…

Still unreachable

The connection could not be restored.

Session expired

The server has moved on; the page needs a fresh start.